Map: Kairos Junction LE

Players

MCanning

  • Race: Protoss Protoss
  • Spawn Location: 5:00

SpeCial - Winner!

  • Race: Terran Terran
  • Spawn Location: 11:00

Event: 2019 WCS Winter Americas

VOD

Have the link to the VOD?

Description

Time

  • Played on: Jan. 31, 2019, 1:36 p.m.
  • Length: 6:56

All games in this series

Show
View Real Time Build Order
Export as new Build Order

MCanning Protoss 

Build Orders: 1 Gate Expand, Blink Stalkers, Dark Templar Rush 

Get SALT Encoding   

  12  0:00  Probe  
  13  0:12  Probe  
  14  0:19  Pylon  
  14  0:24  Probe  
  15  0:34  Probe  
  15  0:37  Gateway  
  15  0:42  Probe  
  16  0:47  Assimilator  
  17  0:51  Probe  
  18  1:03  Probe  
  19  1:15  Probe  
  20  1:25  Nexus  
  20  1:34  Cybernetics Core  
  20  1:36  Probe  
  21  1:44  Assimilator  
  21  1:48  Probe  
  22  1:56  Pylon  
  22  2:01  Probe  
  23  2:04  Adept  
  23  2:11  Warp Gate  
  23  2:14  Probe  
  26  2:23  Twilight Council  
  26  2:26  Probe  
  26  2:28  Stalker  
  29  2:41  Pylon  
  29  2:42  Probe  
  30  2:44  Probe  
  31  2:54  Probe  
  31  2:56  Blink, Probe  
  33  3:03  Dark Shrine  
  33  3:05  Probe  
  33  3:06  Probe  
  35  3:13  Probe  
  35  3:18  Probe  
  37  3:23  Probe  
  37  3:31  Probe  
  37  3:33  Gateway x2  
  38  3:35  Probe  
  39  3:43  Probe  
  39  3:47  Probe  
  41  3:51  Robotics Facility  
  41  3:55  Probe  
  42  3:59  Probe  
  42  4:02  Pylon  
  43  4:07  Sentry, Probe  
  43  4:09  Pylon  
  46  4:11  Probe, Assimilator  
  47  4:19  Pylon, Probe  
  47  4:23  Probe  
  49  4:27  Stalker  
  49  4:28  Stalker  
  53  4:31  Probe  
  53  4:34  Pylon  
  53  4:35  Probe  
  53  4:36  Stalker  
  57  4:39  Observer  
  57  4:42  Assimilator  
  57  4:43  Probe  
  59  4:48  Probe  
  60  4:52  Robotics Bay  
  60  4:54  Gateway  
  60  4:55  Probe  
  60  4:58  Gateway  
  60  4:59  Charge, Forge  
  61  5:00  Sentry, Probe  
  65  5:07  Probe  
  65  5:11  Immortal  
  65  5:12  Probe  
  70  5:21  Shield Battery  
  70  5:22  Stalker  
  70  5:23  Shield Battery  
  70  5:26  Stalker  
  74  5:32  Stalker  
  74  5:34  Pylon  
  74  5:40  Disruptor  
  72  5:46  Adept  
  74  5:53  Adept x2  
  74  5:54  Adept  
  81  5:58  Adept  
  83  6:08  Adept  
  71  6:15  Zealot x3  
  71  6:16  Probe  
  70  6:26  Zealot  
  70  6:27  Probe  
  70  6:30  Pylon  
  70  6:32  Pylon, Zealot  
  75  6:37  Stalker x3  
  80  6:46  Zealot  
Show
View Real Time Build Order
Export as new Build Order

SpeCial Terran - Winner!

Build Orders: Reaper Expand 

Get SALT Encoding   

  12  0:00  SCV  
  13  0:13  SCV  
  14  0:17  Supply Depot  
  14  0:25  SCV  
  15  0:39  SCV  
  15  0:41  Barracks  
  16  0:44  Refinery  
  16  0:51  SCV  
  17  1:03  SCV  
  18  1:15  SCV  
  19  1:29  Orbital Command, Reaper  
  20  1:41  Command Center  
  20  1:49  Supply Depot  
  20  1:55  SCV  
  21  2:05  Marine  
  22  2:11  Factory, SCV  
  23  2:23  SCV  
  23  2:24  Barracks Reactor  
  24  2:32  Barracks  
  24  2:35  SCV  
  25  2:41  Refinery  
  25  2:47  SCV  
  26  2:53  Orbital Command  
  26  2:59  SCV  
  26  3:00  Factory Tech Lab  
  26  3:01  Marine x2  
  29  3:11  SCV  
  30  3:17  Supply Depot  
  30  3:19  Marine x2  
  32  3:20  Barracks Tech Lab  
  32  3:25  Siege Tank  
  32  3:26  SCV x2  
  36  3:37  Marine x2  
  36  3:38  SCV x2  
  40  3:47  Marauder  
  41  3:50  SCV x2  
  41  3:55  Marine x2  
  45  3:57  Siege Tank  
  45  4:02  SCV x2  
  50  4:06  Supply Depot  
  50  4:10  Combat Shield, Marauder  
  50  4:14  SCV x2  
  54  4:21  Supply Depot  
  54  4:27  Marine x2  
  54  4:28  Engineering Bay, SCV x2  
  58  4:32  Siege Tank  
  61  4:40  SCV  
  61  4:42  SCV  
  61  4:43  Marauder, Supply Depot  
  61  4:45  Marine x2  
  64  4:50  Supply Depot  
  64  4:52  SCV  
  67  4:55  Barracks, SCV  
  68  5:00  Refinery  
  68  5:03  Marine x2  
  68  5:05  Marauder, SCV  
  73  5:08  SCV  
  73  5:12  Siege Tank  
  73  5:13  Supply Depot  
  77  5:17  SCV  
  77  5:21  Marine x2  
  80  5:22  SCV  
  80  5:27  Marauder  
  83  5:29  SCV  
  83  5:34  SCV  
  85  5:39  Marine x2  
  85  5:41  SCV  
  87  5:44  Starport  
  87  5:46  SCV  
  87  5:48  Marauder  
  88  5:50  Bunker  
  88  5:53  Bunker  
  88  5:54  Bunker  
  88  5:55  SCV  
  89  5:58  SCV  
  89  5:59  Factory Reactor  
  89  6:01  Marine x2  
  92  6:08  SCV  
  92  6:09  Marauder  
  88  6:17  Refinery  
  85  6:18  Marine  
  85  6:19  Marine  
  85  6:21  Missile Turret  
  85  6:24  Supply Depot  
  87  6:31  Marauder, Supply Depot  
  90  6:38  Command Center  
  89  6:42  Factory Reactor  
Tags
 
Add a new tag
Caveats
  • Supply blocks, unpowered buildings, or Contaminate may cause inaccurate times.
  • Supply counts are checked every 10 seconds.